 Dungeon Crawl Stone Soup version 0.25-a0-719-gde951dce62 (webtiles) character file.

Game seed: 6962490663448216946, levelgen mode: deterministic

47215 strylygaldwir the Geomancer (level 14, 0/86 HPs)
             Began as a Gargoyle Earth Elementalist on Apr 6, 2020.
             Was a High Priest of Vehumet.
             Slain by a naga
             ... wielding a +2 broad axe of distortion
              (20 damage)
             ... on level 3 of the Lair of Beasts.
             The game lasted 00:50:36 (17473 turns).

strylygaldwir the Geomancer (GrEE)                 Turns: 17473, Time: 00:50:40

Health: 0/86       AC: 22    Str: 15    XL:     14   Next: 41%
Magic:  7/25       EV: 12    Int: 25    God:    Vehumet [*****.]
Gold:   807        SH:  3    Dex: 10    Spells: 18/32 levels left

rFire    + . .     SeeInvis +   G - +6 morningstar "Ossuts" {vorpal, rF+ Str-4 Int+4 SInv}
rCold    . . .     Gourm    .   (no shield)
rNeg     + . .     Faith    .   I - +1 steam dragon scales
rPois    ∞         Spirit   .   (no helmet)
rElec    +         Reflect  +   m - +0 cloak
rCorr    .         Harm     .   P - +0 pair of gloves
MR       +....                  (no boots)
Stlth    ++........             i - +3 amulet of reflection
HPRegen  0.24/turn              C - +5 ring of strength
MPRegen  0.19/turn              E - +2 ring of protection

@: slowed, constricted, very slow
A: big wings, hooves 1, low mp 1, negative energy resistance 1, electricity
resistance, strong 1, unbreathing, petrification resistance, rot immunity, AC
+10
a: Fly, Renounce Religion


You were on level 3 of the Lair of Beasts.
You worshipped Vehumet.
Vehumet was extremely pleased with you.
You were hungry.

You visited 3 branches of the dungeon, and saw 19 of its levels.
You also visited: Sewer.

You collected 1199 gold pieces.
You spent 392 gold pieces at shops.

Inventory:

Hand Weapons
 x - the +5 mace of Analysis {vorpal, +Fly rPois MR+ Str+4}
   (You found it on level 5 of the Dungeon)

   It inflicts extra damage upon your enemies.
   It affects your strength (+4).
   It protects you from poison.
   It affects your resistance to hostile enchantments.
   It lets you fly.
 y - the +7 mace "Kixtyit" {freeze, Dex+6}
   (You found it on level 5 of the Dungeon)

   It has been specially enchanted to freeze those struck by it, causing extra
   injury to most foes and up to half again as much damage against particularly
   susceptible opponents.
   It can also slow down cold-blooded creatures.
   It affects your dexterity (+6).
 G - the +6 morningstar "Ossuts" (weapon) {vorpal, rF+ Str-4 Int+4 SInv}
   (You bought it in a shop on level 7 of the Dungeon)

   It inflicts extra damage upon your enemies.
   It affects your strength (-4).
   It affects your intelligence (+4).
   It protects you from fire.
   It lets you see invisible.
 H - a +2 morningstar of venom
Missiles
 b - 255 stones (quivered)
 B - a throwing net
Armour
 a - a +0 robe of cold resistance
 m - a +0 cloak (worn)
 I - +1 steam dragon scales (worn)
 P - a +0 pair of gloves (worn)
Jewellery
 i - a +3 amulet of reflection (around neck)
 u - an uncursed ring of flight
 C - a +5 ring of strength (left hand)
 E - a +2 ring of protection (right hand)
 F - an uncursed ring of see invisible
 O - an uncursed ring of protection from cold
Wands
 j - a wand of iceblast (22)
 l - a wand of disintegration (21)
 t - a wand of acid (17)
 K - a wand of digging (13)
 M - a wand of polymorph (10)
Scrolls
 p - 8 scrolls of teleportation
 q - 2 scrolls of blinking
 r - 3 scrolls of magic mapping
 s - 5 scrolls of fog
 v - 3 scrolls of amnesia
 w - a scroll of fear
 D - 2 scrolls of identify
 Q - a scroll of remove curse
Potions
 c - 4 potions of lignification
 e - 16 potions of curing
 g - 4 potions of stabbing
 h - 3 potions of resistance
 k - 3 potions of brilliance
 n - a potion of berserk rage
 o - 2 potions of magic
 A - 3 potions of cancellation
 L - 2 potions of might
 N - 2 potions of heal wounds
Miscellaneous
 J - a lightning rod (4/4)
Comestibles
 d - 32 rations


   Skills:
 + Level 9.6 Fighting
 + Level 8.7 Maces & Flails
 - Level 6.0 Armour
 + Level 7.5 Dodging
 - Level 2.1 Stealth
 + Level 9.9 Spellcasting
 + Level 11.1 Conjurations
   Level 0.7 Transmutations
 + Level 12.6 Earth Magic
 - Level 6.0 Evocations


You had 18 spell levels left.
You knew the following spells:

 Your Spells              Type           Power        Failure   Level  Hunger
a - Sandblast             Erth           ######       1%          1    None
b - Stone Arrow           Conj/Erth      ######       1%          3    None
c - Lee's Rapid Deconstr  Erth           ######....   1%          5    ####...
d - Borgnjor's Vile Clut  Necr/Erth      #####.....   11%         5    ####...

Your spell library contained the following spells:

 Spells                   Type           Power        Failure   Level  Hunger
 Hailstorm                Conj/Ice       #####...     1%          4    #......
 Magic Dart               Conj           ####         1%          1    None
 Shock                    Conj/Air       ####         1%          1    None
 Passwall                 Tmut/Erth      #####...     1%          2    None
 Searing Ray              Conj           ######       1%          2    None
 Dazzling Flash           Conj/Hex       #####.       1%          3    None
 Static Discharge         Conj/Air       #####...     1%          3    None
 Fulminant Prism          Conj/Hex       #####.....   1%          4    #......
 Iskenderun's Mystic Bla  Conj/Tloc      #####...     1%          4    #......
 Petrify                  Tmut/Erth      #####...     3%          4    #......
 Animate Skeleton         Necr           N/A          4%          1    None
 Apportation              Tloc           ##....       4%          1    None
 Corona                   Hex            ##.....      4%          1    None
 Summon Small Mammal      Summ           ##..         4%          1    None
 Lightning Bolt           Conj/Air       #####.....   4%          5    ####...
 Call Imp                 Summ           ##......     8%          2    None
 Ensorcelled Hibernation  Hex/Ice        ##....       8%          2    None
 Swiftness                Chrm/Air       ##......     8%          2    None
 Airstrike                Air            ##........   13%         4    #......
 Call Canine Familiar     Summ           ##......     16%         3    None
 Confusing Touch          Hex            ##......     16%         3    None
 Recall                   Summ/Tloc      N/A          16%         3    None
 Summon Guardian Golem    Hex/Summ       ##......     16%         3    None
 Tukima's Dance           Hex            ##......     16%         3    None
 Yara's Violent Unravell  Hex/Tmut       ##........   28%         5    ####...
 Animate Dead             Necr           N/A          45%         4    #......
 Cause Fear               Hex            ##........   45%         4    #......
 Summon Ice Beast         Ice/Summ       ##......     45%         4    #......
 Summon Lightning Spire   Summ/Air       ##......     45%         4    #......
 Silence                  Hex/Air        ##........   80%         5    ####...
 Death Channel            Necr           ##........   100%        6    ######.
 Deflect Missiles         Chrm/Air       ##........   100%        6    ######.
 Simulacrum               Ice/Necr       ##........   100%        6    ######.
 Discord                  Hex            ##........   100%        8    #######


Dungeon Overview and Level Annotations

Branches:
Dungeon (15/15)            Temple (1/1) D:4            Lair (3/6) D:9
  Snake (0/4) Lair:3          Orc (0/2) D:12         Vaults (0/5) D:13
 Depths (0/5) D:15          Sewer (visited)
  Swamp: Lair:2-4    Shoals: Lair:2-4

Altars:
Ashenzari
Cheibriados
Dithmenos
Elyvilon
Gozag
Hepliaklqana
Kikubaaqudgha
Makhleb
Nemelex Xobeh
Okawaru
Qazlal
Ru
Sif Muna
Trog
Uskayaw
Vehumet
Wu Jian
Xom
Yredelemnul
The Shining One

Shops:
D:5 (   D:6 *   D:7 *

Annotations:
D:7 2 transporters, Kohma's ghost, novice TrMo


Innate Abilities, Weirdness & Mutations

You are resistant to torment.
Your stone body is resilient. (AC +10)
You are immune to poison.
Your large and strong wings let you fly indefinitely.
You resist negative energy. (rN+)
You are resistant to electric shocks. (rElec)
You can survive without breathing.
You are immune to petrification.
You are immune to rotting.
You have large cloven feet.
Your magical capacity is low. (-10% MP)
Your muscles are strong. (Str +2)


Message History

You barely miss the naga. You kick the naga, but do no damage.
The naga spits poison at you. The splash of poison misses you.
The naga barely misses you. The naga grabs you. The naga constricts you.
You hit the naga.
The naga is moderately wounded.
The naga hits you but does no damage. Space bends around you.
The naga constricts you.
You barely miss the naga. You kick the naga.
The naga is moderately wounded.
The naga spits poison at you. The splash of poison misses you.
The naga constricts you.
You hit the naga. You kick the naga, but do no damage.
The naga is moderately wounded.
The naga hits you but does no damage. Space warps horribly around you!!
The naga constricts you.
The naga hits you with a +2 broad axe of distortion!
* * * LOW HITPOINT WARNING * * *
Space warps horribly around you!!
You die...

..#.##.......#. ......#.........#
....) .####.#.......).###..... ##
...##.......#...#...#.P. #.
..##...............#.≈≈≈ ..
..####....##........≈≈≈≈ ..
..###....##.##...$.≈≈≈≈P ...
...###...###!#....≈≈≈... ...
....#.......>...@N≈≈≈... ...
...###......<##...≈≈...> ..
...####.......#...≈≈.P.. .. ....#
#......##...≈≈≈.≈. .#
....####.....#####[≈≈≈..P≈≈≈.#...
...........#.# ..≈≈≈≈≈≈≈.#.)..
....#......... ......≈≈≈≈≈.......
.......P......#..................
#......... #...#.#....P.......


You could see a naga.

Vanquished Creatures
  Gastronok (Lair:3)
  2 hydras
  8 vault guards (D:13)
  4 two-headed ogres (D:11)
  3 centaur warriors
  A queen ant (Lair:3)
  The ghost of Hastur the Fighter, a novice OgAM of Okawaru (D:8)
  An unseen horror (D:13)
  Pikel (D:5)
  2 deep elf magi
  A manticore (D:12)
  3 cyclopes
  10 ugly things
  2 centaur zombies (D:11)
  3 spiny frogs (Lair:1)
  2 kobold demonologists (D:14)
  5 komodo dragons
  A freezing wraith (D:14)
  4 trolls
  A polar bear (Lair:2)
  A hornet (D:14)
  14 slime creatures
  6 dream sheep (Lair:2)
  3 hippogriffs
  2 wraiths
  2 shadows
  A human (D:12)
  18 yaks
  4 wyverns
  3 hogs (D:12)
  2 steam dragons (D:8)
  3 hungry ghosts
  4 vampire mosquitoes (D:13)
  3 wargs (D:9)
  4 soldier ants (Lair:3)
  Duvessa (D:5)
  A porcupine (Lair:2)
  4 black bears
  An eye of draining (D:11)
  6 ice beasts
  9 orc warriors
  3 sky beasts
  A necrophage (D:12)
  A slave (D:5)
  4 ogres
  A phantom (D:8)
  8 wolves
  6 centaurs
  5 crocodiles
  5 big kobolds
  16 bullfrogs
  Dowan (D:5)
  3 scorpions
  5 killer bees (D:13)
  3 howler monkeys
  11 wights
  5 electric eels (D:14)
  A bullfrog zombie (D:10)
  7 crimson imps
  A quasit (D:9)
  17 orc wizards
  Crazy Yiuf (D:5)
  4 centaur skeletons
  10 orc priests
  12 hounds
  11 jellies
  3 bullfrog skeletons
  Jessica (D:3)
  Terence (D:3)
  4 iguanas
  24 worker ants
  A killer bee zombie (D:9)
  A hound zombie (D:6)
  3 hound skeletons
  A worker ant zombie (D:5)
  21 adders
  12 gnolls
  A river rat (Sewer)
  4 shadow imps
  8 oozes (D:3)
  An adder skeleton (D:5)
  5 worms
  3 dart slugs
  11 leopard geckos
  55 orcs
  6 giant cockroaches
  9 goblins
  10 hobgoblins
  14 jackals
  36 kobolds
  6 quokkas
  15 ball pythons
  5 bats
  4 frilled lizards
  2 leopard gecko skeletons
  34 rats
  A spectral orc (D:4)
592 creatures vanquished.

Vanquished Creatures (others)
  A hound (D:8)
  A kobold (D:11)
  3 fungi
  9 toadstools (D:3)
14 creatures vanquished.

Grand Total: 606 creatures vanquished

Notes
Turn   | Place    | Note
-------+----------+-------------------------------------------
     0 | D:1      | strylygaldwir the Gargoyle Earth Elementalist began the
                  | quest for the Orb.
     0 | D:1      | Reached XP level 1. HP: 10/10 MP: 3/3
    62 | D:1      | Reached skill level 4 in Earth Magic
    62 | D:1      | Reached XP level 2. HP: 15/15 MP: 0/5
   494 | D:1      | Reached XP level 3. HP: 15/19 MP: 6/6
   858 | D:2      | Learned a level 3 spell: Stone Arrow
  1210 | D:2      | Reached XP level 4. HP: 18/24 MP: 5/8
  1327 | D:2      | Reached skill level 1 in Conjurations
  1515 | D:2      | Reached skill level 5 in Earth Magic
  2018 | D:3      | Found a faded altar of an unknown god.
  2062 | D:3      | Reached XP level 5. HP: 20/28 MP: 8/10
  2069 | D:3      | Learned a level 5 spell: Lee's Rapid Deconstruction
  2371 | D:3      | Reached XP level 6. HP: 29/32 MP: 11/11
  2503 | D:3      | Noticed Terence
  2509 | D:3      | Killed Terence
  2601 | D:3      | Noticed Jessica
  2606 | D:3      | Killed Jessica
  2659 | D:3      | Found a hide-covered altar of Uskayaw.
  3027 | D:3      | Found a shimmering blue altar of Sif Muna.
  3032 | D:3      | Found a bloodstained altar of Trog.
  3124 | D:3      | You fall into a shaft and drop 2 floors!
  3124 | D:5      | Entered Level 5 of the Dungeon
  3126 | D:5      | Reached skill level 6 in Earth Magic
  3133 | D:5      | Found an ornate altar of the Wu Jian Council.
  3251 | D:5      | Noticed a slave
  3264 | D:5      | Found a glowing drain.
  3264 | D:5      | Noticed a slave
  3266 | D:5      | Noticed Pikel
  3267 | D:5      | Noticed a slave
  3271 | D:5      | Noticed a slave
  3291 | D:5      | Killed a slave
  3298 | Sewer    | Entered a sewer
  3685 | Sewer    | Reached XP level 7. HP: 26/36 MP: 11/13
  4028 | D:5      | Killed Pikel
  4028 | D:5      | Reached skill level 5 in Spellcasting
  4028 | D:5      | Reached skill level 5 in Conjurations
  4028 | D:5      | Reached skill level 7 in Earth Magic
  4028 | D:5      | Reached XP level 8. HP: 18/41 MP: 0/16
  4163 | D:5      | Noticed Duvessa
  4164 | D:5      | Noticed Dowan
  4172 | D:5      | Killed Duvessa
  4174 | D:5      | Killed Dowan
  4174 | D:5      | Reached skill level 8 in Earth Magic
  4259 | D:5      | Found a burning altar of Makhleb.
  4260 | D:5      | Found a shimmering altar of Xom.
  4421 | D:5      | Found Evvaygug's Weapon Shoppe.
  4490 | D:5      | Found a runed translucent door.
  4491 | D:5      | Noticed Crazy Yiuf
  4494 | D:5      | Got a jewelled mace
  4495 | D:5      | Identified the +5 mace of Analysis {vorpal, +Fly rPois MR+
                  | Str+4} (You found it on level 5 of the Dungeon)
  4497 | D:5      | Paralysed by Crazy Yiuf for 4 turns
  4509 | D:5      | Killed Crazy Yiuf
  4543 | D:5      | Got a fine mace
  4544 | D:5      | Identified the +7 mace "Kixtyit" {freeze, Dex+6} (You found
                  | it on level 5 of the Dungeon)
  4665 | D:5      | Reached skill level 1 in Armour
  4686 | D:5      | Found a stormy altar of Qazlal.
  4766 | D:4      | Found a shattered altar of Ashenzari.
  4790 | D:4      | Reached skill level 1 in Fighting
  4790 | D:4      | Reached skill level 1 in Maces & Flails
  4790 | D:4      | Reached skill level 1 in Evocations
  4972 | D:4      | Found a staircase to the Ecumenical Temple.
  4983 | Temple   | Entered the Ecumenical Temple
  5084 | Temple   | Became a worshipper of Vehumet
  5206 | D:4      | Reached XP level 9. HP: 44/47 MP: 17/17
  5569 | D:4      | Found a basalt altar of Yredelemnul.
  5784 | D:3      | Found a sparkling altar of Nemelex Xobeh.
  6006 | D:6      | Reached * piety under Vehumet
  6006 | D:6      | Offered knowledge of Freeze by Vehumet.
  6130 | D:6      | Found an opulent altar of Gozag.
  6131 | D:6      | Found Gozag's Platinum Reserve.
  6613 | D:7      | Offered knowledge of Magic Dart by Vehumet.
  6618 | D:7      | Reached ** piety under Vehumet
  6662 | D:7      | Found Qakkyog's Assorted Antiques.
  6679 | D:7      | Bought an ichor-stained morningstar for 252 gold pieces
  6679 | D:7      | Bought a scroll of identify for 56 gold pieces
  6679 | D:7      | Bought a scroll of remove curse for 84 gold pieces
  6679 | D:7      | Identified the +6 morningstar "Ossuts" {vorpal, rF+ Str-4
                  | Int+4 SInv} (You bought it in a shop on level 7 of the
                  | Dungeon)
  6706 | D:7      | Found a sacrificial altar of Ru.
  7116 | D:7      | Offered knowledge of Inner Flame by Vehumet.
  7191 | D:7      | Found a transporter.
  7204 | D:7      | Noticed Kohma's ghost (novice TrMo)
  7207 | D:7      | Found a transporter.
  7414 | D:8      | Reached skill level 9 in Earth Magic
  7414 | D:8      | Reached XP level 10. HP: 44/56 MP: 19/19
  7462 | D:8      | Reached *** piety under Vehumet
  7708 | D:8      | Found a runed translucent gate.
  7709 | D:8      | Found a runed translucent gate.
  7709 | D:8      | Noticed a ten-headed hydra
  7709 | D:8      | Noticed Hastur's ghost (novice OgAM)
  7713 | D:8      | Found a runed translucent gate.
  7741 | D:8      | Killed a ten-headed hydra
  7758 | D:8      | Killed Hastur's ghost
  8337 | D:9      | Found a glowing golden altar of the Shining One.
  8363 | D:9      | Offered knowledge of Frozen Ramparts by Vehumet.
  8686 | D:9      | Reached **** piety under Vehumet
  8706 | D:9      | Reached skill level 5 in Fighting
  8710 | D:9      | Reached XP level 11. HP: 41/63 MP: 18/21
  8909 | D:9      | Found a staircase to the Lair.
  9081 | D:10     | Entered Level 10 of the Dungeon
  9124 | D:10     | Reached skill level 5 in Armour
  9133 | D:10     | Noticed a cyclops
  9137 | D:10     | Killed a cyclops
  9713 | D:11     | Noticed a purple ugly thing
  9713 | D:11     | Noticed a two-headed ogre
  9723 | D:11     | Killed a two-headed ogre
  9723 | D:11     | Offered knowledge of Bolt of Magma by Vehumet.
  9723 | D:11     | Reached skill level 10 in Earth Magic
  9729 | D:11     | Killed a purple ugly thing
  9737 | D:11     | Reached skill level 5 in Maces & Flails
  9752 | D:11     | Noticed a two-headed ogre
  9757 | D:11     | HP: 3/64 [two-headed ogre/+0 giant club (20)]
  9758 | D:11     | Killed a two-headed ogre
 10158 | D:11     | Noticed a two-headed ogre
 10172 | D:11     | Killed a two-headed ogre
 10364 | D:11     | Noticed a white ugly thing
 10376 | D:11     | Killed a white ugly thing
 10439 | D:11     | Noticed a two-headed ogre
 10445 | D:11     | Killed a two-headed ogre
 10445 | D:11     | Reached skill level 5 in Evocations
 10445 | D:11     | Reached XP level 12. HP: 50/71 MP: 9/23
 10578 | D:12     | Noticed a centaur warrior
 10583 | D:11     | Reached ***** piety under Vehumet
 10583 | D:11     | Offered knowledge of Freezing Cloud by Vehumet.
 10611 | D:12     | Reached skill level 5 in Dodging
 11722 | D:12     | Killed a centaur warrior
 11722 | D:12     | Reached skill level 11 in Earth Magic
 12318 | D:12     | Found a staircase to the Orcish Mines.
 12590 | D:13     | Noticed a vault guard
 12590 | D:13     | Noticed a vault guard
 12592 | D:13     | Noticed a vault guard
 12610 | D:13     | Killed a vault guard
 12610 | D:13     | Reached XP level 13. HP: 37/78 MP: 17/25
 12611 | D:13     | Killed a vault guard
 12611 | D:13     | Killed a vault guard
 12715 | D:13     | Noticed a vault guard
 12721 | D:13     | Killed a vault guard
 12832 | D:13     | Found a gate to the Vaults.
 12838 | D:13     | Noticed a vault guard
 12839 | D:13     | Noticed a vault guard
 12842 | D:13     | Killed a vault guard
 12842 | D:13     | Reached skill level 10 in Conjurations
 12858 | D:13     | Killed a vault guard
 12975 | D:13     | Noticed a vault guard
 12984 | D:13     | Killed a vault guard
 13067 | D:13     | Noticed a vault guard
 13083 | D:13     | Killed a vault guard
 13287 | D:13     | Learned a level 5 spell: Borgnjor's Vile Clutch
 13595 | D:14     | You fall into a shaft and drop 1 floor!
 13595 | D:15     | Entered Level 15 of the Dungeon
 13652 | D:14     | Offered knowledge of Hailstorm by Vehumet.
 14240 | D:14     | Reached skill level 12 in Earth Magic
 14636 | D:14     | You fall into a shaft and drop 1 floor!
 15192 | Lair:1   | Entered Level 1 of the Lair of Beasts
 15241 | Lair:1   | Gained mutation: Your large and strong wings let you fly
                  | indefinitely. [Gargoyle growth]
 15241 | Lair:1   | Reached XP level 14. HP: 55/86 MP: 27/27
 15464 | Lair:1   | Gained mutation: You have large cloven feet. [potion of
                  | mutation]
 15464 | Lair:1   | Gained mutation: Your magical capacity is low. (-10% MP)
                  | [potion of mutation]
 15464 | Lair:1   | Gained mutation: Your muscles are strong. (Str +2) [potion
                  | of mutation]
 17455 | Lair:3   | Noticed Gastronok
 17466 | Lair:3   | Killed Gastronok
 17468 | Lair:3   | Found a staircase to the Snake Pit.
 17473 | Lair:3   | Slain by a naga

Levels and vault maps discovered:
D:1:      dpeg_arrival_line_fractal, layout_rooms, serial_glass,
          glass_columns_a, glass_columns_c
D:2:      minmay_diamond_boxcup, layout_rooms, chequers_mini_garden
D:3:      cheibrodos_fertilizer, layout_loops_corners,
          nicolae_overflow_hidden_temple, lemuel_crystal_altar,
          nemelex_xobeh_ov_fountains_minmay,
          chequers_ecumenical_altar_simple_redux, skrybe_limestone_x,
          uniq_jessica, uniq_terence
D:4:      layout_basic, cheibrodos_ashenzari_chains,
          yredelemnul_forgotten_temple_becter,
          minmay_temple_entry_statues_pillars, first_ration, kennysheep_doodads,
          chequers_serial_rivers_marsh
D:5:      layout_cave_pools, grunt_temple_overflow_champion_of_chaos,
          lemuel_doored_altar, lemuel_coloured_pillars_altar,
          cheibrodos_sewer_entry_sluice, serial_shops, shop, st_stairs_5,
          hangedman_decor_diamond_cutter, uniq_duvessa, uniq_crazy_yiuf_cottage,
          uniq_pikel
D:6:      layout_basic, nicolae_gozag_zags_fifth_avenue
D:7:      layout_gridville, hangedman_ru_absence, serial_shops,
          nicolae_shop_stone, gammafunk_ghost_arena
D:8:      layout_rooms, gammafunk_ghost_hydra_chop
D:9:      layout_roguey, tso_altar, erik_lair_orcish_takeover, serial_glass,
          glass_columns_a, glass_columns_b, glass_columns_a, glass_columns_a
D:10:     layout_loops_ring
D:11:     layout_rooms
D:12:     layout_basic, david_orc_4, grunt_livestock
D:13:     layout_roguey, erik_vaults_2
D:14:     layout_roguey, hangedman_abyss_or_decor_clamps, chequers_big_river
D:15:     grunt_enter_depths_hoard, layout_cave_pods,
          wad_floor_pattern_untrapped, serial_bayou_lake_a
Temple:   nicolae_temple_figure_zero
Lair:1:   layout_chaotic_city, grunt_megastairs_3
Lair:2:   layout_cave_pods, serial_bayou_shore_b
Lair:3:   layout_misc_corridors, guppyfry_snake_entry_island, minivault_24,
          minmay_another_anthill, uniq_gastronok

Skill      XL: |  1  2  3  4  5  6  7  8  9 10 11 12 13 14 |
---------------+-------------------------------------------+-----
Earth Magic    | 4 5 6 7 8 9 10 11 12 | 12.6
Spellcasting   | 3 4 5 6 7 8 9 |  9.9
Conjurations   | 1 2 3 5 6 7 8 9 10 11 | 11.1
Armour         | 1 3 4 6 |  6.0
Fighting       | 1 3 5 6 7 9 |  9.6
Maces & Flails | 1 3 4 5 6 8 |  8.7
Evocations     | 1 2 3 5 6 |  6.0
Dodging        | 2 3 4 5 7 |  7.5
Stealth        | |  2.1
Transmutations | |  0.7

Action                   |  1- 3 |  4- 6 |  7- 9 | 10-12 | 13-15 || total
-------------------------+-------+-------+-------+-------+-------++-------
Melee: Spear             |   102 |       |       |       |       ||   102
       Short sword       |       |   303 |    36 |       |       ||   339
       Mace              |       |       |   188 |       |       ||   188
       Morningstar       |       |       |    77 |   269 |   285 ||   631
       Kick              |       |       |       |       |    34 ||    34
 Cast: Sandblast         |    23 |    19 |    55 |    95 |    71 ||   263
       Stone Arrow       |     1 |     4 |     8 |    54 |    40 ||   107
       Lee's Rapid Decon |       |       |     5 |    35 |    36 ||    76
       Borgnjor's Vile C |       |       |       |       |     5 ||     5
 Abil: Fly               |       |       |       |       |     1 ||     1
       Stop Flying       |       |       |       |       |     1 ||     1
Evoke: Wand              |       |       |     4 |    24 |     6 ||    34
       Lightning rod     |       |       |       |     6 |       ||     6
  Use: Scroll            |       |    11 |    10 |     9 |     4 ||    34
       Potion            |       |       |       |     4 |     2 ||     6
 Stab: Sleeping          |       |     4 |     2 |     2 |     4 ||    12
       Distracted        |       |       |       |     1 |     1 ||     2
  Eat: Chunk             |     1 |     9 |    14 |    24 |    16 ||    64
       Ration            |       |       |       |       |     2 ||     2
Armor: Robe              |    29 |     3 |       |       |       ||    32
       Leather armour    |       |   151 |   222 |    10 |       ||   383
       Steam dragon scal |       |       |       |   200 |   200 ||   400
Dodge: Dodged            |    73 |   198 |   313 |   320 |   268 ||  1172
Block: Other             |       |       |     1 |    60 |    43 ||   104
       Reflection        |       |       |       |     3 |     1 ||     4

Table legend:
 A = Non-vault XP
 B = Vault XP
 C = Vault XP percentage of total XP
 D = Non-vault monster count
 E = Vault monster count
 F = Vault count percentage of total count
                 A         B        C        D         E       F
            +---------+---------+-------+---------+---------+-------
      Total |   48936 |   18515 |  27.4 |     445 |     148 |  25.0
            +---------+---------+-------+---------+---------+-------
        D:1 |      57 |       0 |   0.0 |      23 |       0 |   0.0
        D:2 |      64 |      37 |  36.6 |      21 |       8 |  27.6
        D:3 |      65 |     225 |  77.6 |      23 |      20 |  46.5
        D:4 |     342 |       1 |   0.3 |      24 |       1 |   4.0
        D:5 |     308 |    1022 |  76.8 |      17 |      12 |  41.4
        D:6 |    1083 |       0 |   0.0 |      29 |       0 |   0.0
        D:7 |    1069 |       0 |   0.0 |      36 |       0 |   0.0
        D:8 |    1528 |    1862 |  54.9 |      22 |       2 |   8.3
        D:9 |     930 |     626 |  40.2 |      24 |       8 |  25.0
       D:10 |    2344 |       0 |   0.0 |      20 |       0 |   0.0
       D:11 |    6917 |       0 |   0.0 |      41 |       0 |   0.0
       D:12 |    8893 |    1698 |  16.0 |      40 |      19 |  32.2
       D:13 |    5500 |    7741 |  58.5 |      31 |       8 |  20.5
       D:14 |   11367 |       0 |   0.0 |      52 |       0 |   0.0
     Lair:1 |    2342 |     752 |  24.3 |      11 |       2 |  15.4
     Lair:2 |    3646 |       0 |   0.0 |      16 |       0 |   0.0
     Lair:3 |    2481 |    4221 |  63.0 |      15 |      20 |  57.1
      Sewer |       0 |     330 | 100.0 |       0 |      48 | 100.0
            +---------+---------+-------+---------+---------+-------
